 Dungeon Crawl Stone Soup version 0.28.0-47-ge53b351184 (webtiles) character file.

Game seed: 8599882632540448723

44 bobregger the Cudgeller (level 3, 0/39 HPs)
             Began as an Ogre Berserker on May 4, 2022.
             Was a Follower of Trog.
             Slain by Pargi (2 damage)
             ... on level 3 of the Dungeon.
             The game lasted 00:01:37 (1926 turns).

bobregger the Cudgeller (Ogre Berserker)            Turns: 1926, Time: 00:01:37

Health: 0/39       AC:  3    Str: 21    XL:     3   Next: 60%
Magic:  3/3        EV: 10    Int:  8    God:    Trog [*.....]
Gold:   110        SH:  0    Dex: 10    Spells: 2/2 levels left

rFire   . . .      SeeInvis .   a - +1 mace
rCold   . . .      Faith    .   (no shield)
rNeg    . . .      Spirit   .   b - +0 animal skin
rPois   .          Reflect  .   (helmet restricted)
rElec   .          Harm     .   (no cloak)
rCorr   .          Rampage  .   (gloves unavailable)
Will    .....                   (boots unavailable)
Stlth   +.........              (no amulet)
HPRegen 0.13/turn               (no ring)
MPRegen 0.08/turn               (no ring)

@: on berserk cooldown, slowed, very slow
A: large, unfitting armour, tough skin 1
a: Renounce Religion, Berserk


You were on level 3 of the Dungeon.
You worshipped Trog.
Trog was aware of your devotion.
You visited 1 branch of the dungeon, and saw 3 of its levels.

You collected 110 gold pieces.

Inventory:

Hand Weapons
 a - a +1 mace (weapon)
Armour
 b - a +0 animal skin (worn)
Scrolls
 d - a scroll of amnesia {unknown}
 e - a scroll of silence {unknown}
 f - a scroll of identify {unknown}


   Skills:
 - Level 4.0 Fighting
 + Level 4.1 Maces & Flails
 - Level 2.6 Dodging


You had 2 spell levels left.
You didn't know any spells.
Your spell library was empty.

Dungeon Overview and Level Annotations

Branches:
Dungeon (3/15)

Altars:
Fedhas

Shops:
D:1 *

Annotations:
D:3 Pargi, Terence


Innate Abilities, Weirdness & Mutations

You are too large for most types of armour.
You have tough skin. (AC +1)


Message History

You see here a bat corpse.
You feel a strong urge to attack something.
Pargi barely misses you. Pargi claws you. Pargi claws you but does no damage.
You feel your anger nearly subside.
You are no longer berserk.
You are exhausted.
You feel yourself slow down. Pargi bites you but does no damage.
Pargi claws you but does no damage. Pargi barely misses you.
You aren't carrying any potions.
You hit Pargi.
Pargi is lightly wounded.
Pargi bites you but does no damage. Pargi claws you but does no damage. x2
Pargi bites you! Pargi barely misses you. x2
Pargi closely misses you. Pargi claws you. x2
You aren't carrying any potions.
Pargi bites you. Pargi closely misses you. Pargi claws you but does no damage.
Pargi bites you but does no damage. Pargi barely misses you. Pargi claws you.
Pargi bites you.
* * * LOW HITPOINT WARNING * * *
Pargi closely misses you. x2
Pargi bites you.
* * * LOW HITPOINT WARNING * * *
Pargi misses you. Pargi claws you but does no damage.
Found a scroll labelled NECIOTH LOMU.
Pargi bites you.
* * * LOW HITPOINT WARNING * * *
Pargi claws you but does no damage. Pargi claws you.
* * * LOW HITPOINT WARNING * * *
A water moccasin comes into view.
The water moccasin hisses angrily.
Pargi barely misses you. Pargi closely misses you. Pargi claws you.
* * * LOW HITPOINT WARNING * * *
Terence the Incautious comes into view.
He is wielding a +0 hand axe of freezing.
The water moccasin bites you.
* * * LOW HITPOINT WARNING * * *
As you read the scroll labelled KOLIUWUINY, it crumbles to dust.
It is a scroll of enchant weapon.
Your +0 mace glows red for a moment.
The water moccasin bites you but does no damage.
Pargi clenches his teeth.
Pargi bites you but does no damage. Pargi barely misses you. Pargi claws you.
You die...

. # ######? #.#.....
######## .....# .......#
....# .......# #..#
.......#######.S########
...............T@.....@.
.†.....################.
######## .. # .# #
######.# ########
#....#.###### .......#
#....#....... .#####.#
#............ ..(#
#....<.......


You could see Pargi, a water moccasin and Terence.

Vanquished Creatures
  2 worms
  3 dart slugs
  2 ball pythons
  5 bats (D:3)
  An endoplasm (D:1)
  4 giant cockroaches
  5 goblins
  3 hobgoblins
  2 kobolds (D:1)
  2 quokkas
  A rat (D:1)
30 creatures vanquished.

Vanquished Creatures (others)
  A plant (D:1)
1 creature vanquished.

Grand Total: 31 creatures vanquished

Notes
Turn   | Place    | Note
-------+----------+-------------------------------------------
     0 | D:1      | bobregger the Ogre Berserker began the quest for the Orb.
     0 | D:1      | Reached XP level 1. HP: 24/24 MP: 1/1
   202 | D:1      | Reached XP level 2. HP: 31/32 MP: 2/2
   509 | D:1      | Found Beuploov's General Store.
   920 | D:2      | Found a blossoming altar of Fedhas.
   948 | D:2      | Reached XP level 3. HP: 39/39 MP: 3/3
  1017 | D:2      | Found a faded altar of an unknown god.
  1901 | D:3      | Noticed Pargi
  1924 | D:3      | Noticed a water moccasin
  1925 | D:3      | Noticed Terence
  1926 | D:3      | Slain by Pargi

Illustrated notes

Levels and vault maps discovered:
D:1:      amcnicky_arrival_blooded_trapdoor, layout_basic, serial_shops,
          nicolae_shop_trees, serial_bayou_pond_b, minmay_misc_feat_roman,
          item_on_display_a
D:2:      layout_basic, basic_altar, ebering_ecumenical_altar_box
D:3:      layout_basic, uniq_pargi, uniq_terence

Skill      XL: |  1  2  3 |
---------------+----------+-----
Maces & Flails | 3 4 |  4.1
Fighting       | |  4.0
Dodging        | |  2.6

Action                   || total
-------------------------++-------
Melee: Mace              ||    91
       Punch             ||     2
Invok: Berserk           ||     1
  Use: Scroll            ||     1
 Stab: Sleeping          ||     1
Armor: Animal skin       ||    47
Dodge: Dodged            ||    63
